 Dungeon Crawl Stone Soup version 0.29-a0-234-g0dae59b3db (webtiles) character file.

Game seed: 7200121670992844412

39 spaghetti the Skirmisher (level 3, -8/31 HPs)
             Began as a Demonspawn Fighter on Mar 3, 2022.
             Was a Follower of Fedhas.
             Mangled by an ogre
             ... wielding a +0 giant spiked club
              (9 damage)
             ... on level 3 of the Dungeon.
             The game lasted 00:01:32 (1650 turns).

spaghetti the Skirmisher (Demonspawn Fighter)       Turns: 1650, Time: 00:01:32

Health: -8/31      AC:  6    Str: 18    XL:     3   Next: 26%
Magic:  3/3        EV:  9    Int:  9    God:    Fedhas [*.....]
Gold:   44         SH:  4    Dex: 12    Spells: 2/2 levels left

rFire   . . .      SeeInvis .   a - +0 long sword {long}
rCold   . . .      Faith    .   c - +0 buckler
rNeg    . . .      Spirit   .   b - +0 scale mail
rPois   .          Reflect  .   (no helmet)
rElec   .          Harm     .   (no cloak)
rCorr   .          Rampage  .   (no gloves)
Will    .....                   (no boots)
Stlth   ..........              (no amulet)
HPRegen 0.10/turn               (no ring)
MPRegen 0.08/turn               (no ring)

@: mighty
A: powered by death 1
a: Renounce Religion


You were on level 3 of the Dungeon.
You worshipped Fedhas.
Fedhas was aware of your devotion.
You visited 1 branch of the dungeon, and saw 3 of its levels.

You collected 44 gold pieces.


Innate Abilities, Weirdness & Mutations

You regenerate a little health from kills.


   Skills:
 + Level 4.4 Fighting
 - Level 1.7 Long Blades
 - Level 2.6 Armour
 - Level 2.6 Shields


You had 2 spell levels left.
You didn't know any spells.
Your spell library contained the following spells:

 Spells                   Type           Power      Damage    Failure   Level
 Foxfire                  Conj/Fire      0%         2x1d4     86%         1
 Conjure Flame            Conj/Fire      0%         6-21      99%         3
 Inner Flame              Hex/Fire       0%         N/A       99%         3
 Flame Wave               Conj/Fire      0%         2d4       100%        4

Inventory:

Hand Weapons
 a - a +0 long sword (weapon) {long}
Missiles
 h - 81 stones (quivered) {throwing}
 i - 6 javelins {throwing}
Armour
 b - a +0 scale mail (worn)
 c - a +0 buckler (worn)
Wands
 g - a wand of digging (5)
   (You found it on level 3 of the Dungeon)
Scrolls
 e - a scroll of identify {@r1}
Potions
 f - a potion of curing {@q1}

Dungeon Overview and Level Annotations

Branches:
Dungeon (3/15)

Altars:
Fedhas

Annotations:
D:3 Robin

##++## ##....##
##......###
###..♣♣.♣..##
#.'..♣.♣...'.
###.'...♣.♣..'.
###...#..♣.♣♣..##
###...####......##
#.@.### ##....##
#O### ##++## #.
#..#. # #.
#....### ## !
#.... #.## ##..#
#....###.†.
#.....#. ###.....


You could see an ogre.


Message History

No target in view! 😎 HP[+5]
Your hp is fully restored (31).
Key pressed, stopping explore.
Key pressed, stopping explore.
You open the gate.
There is an open gate here.
As you open the gate, it creaks loudly!
No target in view!
There is an open gate here.
h - 81 stones {throwing} (gained 16)
You open the gate.
There is an open gate here.
An endoplasm comes into view.
The endoplasm quivers.
An endoplasm is nearby!
The endoplasm freezes you.
You are frozen. 😕 HP[-1]
You take 1 damage, and now have 30/31 hp.
You hit the endoplasm. The endoplasm freezes you.
You are frozen.
The endoplasm freezes you.
You are frozen. 😕 HP[-5]
You take 5 damage, and now have 25/31 hp.
You hit the endoplasm.
The endoplasm hits you but does no damage.
You hit the endoplasm.
You kill the endoplasm!
Fedhas accepts your kill.
No target in view!
No target in view!
No target in view!
No target in view!
No target in view!
There is an open gate here.
Key pressed, stopping explore.
There is an open gate here.
Done exploring. 😎 HP[+6]
Your hp is fully restored (31).
Done exploring.
(D) Dungeon
Where to? (Enter - D:2, ? - help)
There is a stone staircase leading down here.
You climb downwards.
Level annotation: Robin
There is a stone staircase leading up here.
Unknown command.
Unknown command.
Found a stone staircase leading down.
No target in view!
You open the large door.
There is a large open door here.
A rat comes into view.
A rat is nearby!
A rat is nearby!
The rat bites you. 😕 HP[-1]
You take 1 damage, and now have 30/31 hp.
You hit the rat but do no damage. The rat bites you but does no damage.
You block the rat's attack.
You hit the rat.
You kill the rat!
Fedhas appreciates your contribution to the ecosystem. 😎 HP[+1]
Your hp is fully restored (31).
No target in view!
No target in view!
You open the large door.
There is a large open door here.
An ogre comes into view. It is wielding a +0 giant spiked club.
The ogre shouts!
An ogre is nearby!
An ogre is nearby!
The ogre barely misses you.
You hit the ogre. The ogre barely misses you.
You hit the ogre but do no damage. The ogre closely misses you.
You barely miss the ogre. The ogre closely misses you.
You slash the ogre!
The ogre hits you with a +0 giant spiked club!
Ouch! That really hurt!
* * * LOW HITPOINT WARNING * * *
😨 HP[-16]
You take 16 damage, and now have 15/31 hp.
MASSIVE DAMAGE!! (PAUSE)
You feel very mighty all of a sudden. You block the ogre's attack.
You slash the ogre!
The ogre hits you with a +0 giant spiked club!
* * * LOW HITPOINT WARNING * * *
😱 HP[-14]
You take 14 damage, and now have 1/31 hp.
MASSIVE DAMAGE!! (PAUSE)
You hit the ogre.
The ogre hits you with a +0 giant spiked club!
You die...
Fedhas appreciates your contribution to the ecosystem.

Skill      XL: |  1  2 |
---------------+-------+-----
Fighting       | 4 |  4.4
Long Blades    | |  1.7
Armour         | |  2.6
Shields        | |  2.6

Action                   || total
-------------------------++-------
Melee: Long sword        ||   112
  Use: Scroll            ||     2
       Potion            ||     2
Armor: Scale mail        ||    73
Dodge: Dodged            ||    77
Block: Buckler           ||    26

Levels and vault maps discovered:
D:1:      minmay_arrival_cross, layout_rooms
D:2:      layout_rooms, basic_ecumenical_altar, kennysheep_cross_bottleneck
D:3:      layout_rooms, kennysheep_generic_room_3, uniq_robin

Notes
Turn   | Place    | Note
-------+----------+-------------------------------------------
     0 | D:1      | spaghetti the Demonspawn Fighter began the quest for the
                  | Orb.
     0 | D:1      | Reached XP level 1. HP: 18/18 MP: 1/1
     0 | D:1      | magus.rc [v1.9.6]
   131 | D:2      | Gained mutation: You regenerate a little health from kills.
                  | [demonic ancestry]
   131 | D:2      | Reached XP level 2. HP: 24/24 MP: 2/2
   210 | D:3      | Noticed Robin
   365 | D:1      | Reached skill level 4 in Fighting
   433 | D:1      | You pick up a book of Flames and begin reading...
   433 | D:1      | You add the spells Foxfire, Conjure Flame, Inner Flame and
                  | Flame Wave to your library.
   860 | D:1      | Reached XP level 3. HP: 30/30 MP: 3/3
  1213 | D:2      | Found a faded altar of an unknown god.
  1223 | D:2      | Prayed at the altar of an unknown god.
  1223 | D:2      | Became a worshipper of Fedhas Madash
  1223 | D:2      | Reached * piety under Fedhas
  1642 | D:3      | Noticed an ogre
  1649 | D:3      | HP: 1/31 [ogre/+0 giant spiked club (14)]
  1650 | D:3      | Mangled by an ogre

Vanquished Creatures
  2 ball pythons
  3 endoplasms
  3 goblins
  8 hobgoblins
  6 jackals (D:2)
  2 kobolds (D:1)
  A quokka (D:1)
  A frilled lizard (D:1)
  8 rats
34 creatures vanquished.

Table legend:
 A = Non-vault XP
 B = Vault XP
 C = Vault XP percentage of total XP
 D = Non-vault monster count
 E = Vault monster count
 F = Vault count percentage of total count
                 A         B        C        D         E       F
            +---------+---------+-------+---------+---------+-------
      Total |      55 |       1 |   1.8 |      33 |       1 |   2.9
            +---------+---------+-------+---------+---------+-------
        D:1 |      24 |       0 |   0.0 |      15 |       0 |   0.0
        D:2 |      29 |       0 |   0.0 |      17 |       0 |   0.0
        D:3 |       2 |       1 |  33.3 |       1 |       1 |  50.0
            +---------+---------+-------+---------+---------+-------

Illustrated notes

Table legend:
 A = Kills in this place as a percentage of kills in entire the game.
 B = Kills by you in this place as a percentage of kills by you in the entire game.
 C = Kills by friends in this place as a percentage of kills by friends in the entire game.
 D = Other kills in this place as a percentage of other kills in the entire game.
 E = Experience gained in this place as a percentage of experience gained in the entire game.
 F = Experience gained in this place divided by the number of levels of this place that you have seen.
                   A       B       C       D       E      F
               +-------+-------+-------+-------+-------+----------------------
         Total | 100.0 | 100.0 |   N/A |   N/A | 100.0 |  18.7
       Dungeon | 100.0 | 100.0 |   N/A |   N/A | 100.0 |  18.7
               +-------+-------+-------+-------+-------+----------------------

Table legend: (Time is in decaauts)
 A = Elapsed time spent in this place.
 B = Non-inter-level travel time spent in this place.
 C = Inter-level travel time spent in this place.
 D = Time resting spent in this place.
 E = Time spent auto-exploring this place.
 F = Levels seen in this place.
 G = Mean time per level.
                   A        B        C        D        E       F      G
               +--------+--------+--------+--------+--------+-----+--------+
         Total |   1691 |   1632 |     59 |    405 |    966 |   3 |  563.7 |
       Dungeon |   1691 |   1632 |     59 |    405 |    966 |   3 |  563.7 |
               +--------+--------+--------+--------+--------+-----+--------+

Top non-repeatable levels by time:
     D:1: 809 daAuts
     D:2: 770 daAuts
     D:3: 110 daAuts
